AoeStats
← WASKA EN LA CARA

Arena

508531311Analyzed
2v2 RM · 11d ago on Sep 22, 2026· 20m 42s· 4 players
Game mode
Random Map
Map size
Medium (4 player)
Population
200
Speed
Normal
Resources
Standard
Victory
Conquest
Starting age
Dark Age
Ending age
Imperial Age
RankedLock teamsTeams togetherTeam positionsShared explorationLock speedFull tech treeHidden civsTurbo modeCheats
Victory
Defeat
🇺🇸 Vikings · United States
1168
+19
🇮🇳 Mongols · India
1156
+20
🇦🇷 Romans · Argentina
1242
-20
🇦🇷 Spanish · Argentina
1236
-19
Choncho
10:05 Feudal Age
13:57 Castle Age
13:55 Loom
Tyrion_
7:04 Loom
8:51 Feudal Age
10:44 Feudal Age
12:04 Loom
14:38 Castle Age
15:13 Loom
16:03 Wheelbarrow
15:53 Double-Bit Axe
CONCHA MÁGICA
10:01 Feudal Age
13:50 Castle Age
11:47 Double-Bit Axe
13:05 Gold Mining
14:10 Loom
15:07 Bow Saw
WASKA EN LA CARA
11:15 Feudal Age
15:12 Castle Age
15:00 Double-Bit Axe
16:24 Bow Saw
17:13 Padded Archer Armor
17:11 Gold Mining
Connection lost

Rejoining the realm…

Still unreachable

The connection could not be restored.

Session expired

The server has moved on; the page needs a fresh start.